 Dungeon Crawl Stone Soup version 0.29-a0-284-gf9362112df (webtiles) character file.

Game seed: 15467191333042855130

605 spaghetti the Insei (level 7, -9/47 HPs)
             Began as a Djinni Transmuter on Mar 26, 2022.
             Was an Initiate of Elyvilon.
             Mangled by an iguana (11 damage)
             ... on level 4 of the Dungeon.
             The game lasted 00:10:30 (4630 turns).

spaghetti the Insei (Djinni Transmuter)             Turns: 4630, Time: 00:10:30

Health: -9/47      AC:  2    Str:  9      XL:     7   Next: 70%
Gold:   126        EV: 19    Int: 16 (17) God:    Elyvilon [......] SH:  0 Dex: 18

rFire   . . .      SeeInvis .     - Unarmed
rCold   . . .      Faith    .   (shield currently unavailable)
rNeg    . . .      Spirit   .   (body armour currently unavailable)
rPois   ∞          Reflect  .   (helmet currently unavailable)
rElec   .          Harm     .   (cloak currently unavailable)
rCorr   .          Rampage  .   (gloves currently unavailable)
Will    .....                   (boots unavailable)
Stlth   ++........              (no amulet)
HPRegen 0.15/turn               (no ring)
MPRegen 0.00/turn               (no ring)

@: about to teleport, spider-form, wereblooded, flying, very slightly
contaminated
A: venomous fangs, flying, sickness immunity, tiny, (fire resistance 2), (cold
vulnerability 1), float, innate caster, HP casting, extra vitality 1
a: End Transformation, Renounce Religion


You were on level 4 of the Dungeon.
You worshipped Elyvilon.
Elyvilon was noncommittal.
You were a venomous arachnid creature.
You visited 2 branches of the dungeon, and saw 6 of its levels.

You collected 126 gold pieces.


Innate Abilities, Weirdness & Mutations

You are a venomous arachnid creature.
You have poisonous fangs.
You are tiny and dextrous.
You are flying.
Your spellcasting is less reliable in this form.
Your armour is entirely melded.
You are incapable of wielding weapons or throwing items.
You are immune to sickness and miasma.
You are immune to poison.
((Your flesh is very heat resistant. (rF++)))
((You are vulnerable to cold. (rC-)))
You float through the air rather than walking.
You learn spells naturally, not from books.
Your magical power is your life essence.
You have superior vitality. (+4 MHP)


   Skills:
 - Level 1.0 Fighting
 - Level 2.1 Dodging
 * Level 6.9 Unarmed Combat
 + Level 3.6 Spellcasting
 + Level 0.9 Invocations


You couldn't memorise any spells.
You knew the following spells:

 Your Spells              Type           Power      Damage    Failure   Level
a - Beastly Appendage     Tmut           28%        N/A       13%         1
b - Wereblood             Tmut           14%        N/A       17%         2
c - Spider Form           Tmut/Pois      14%        N/A       28%         3
d - Ice Form              Ice/Tmut       14%        N/A       58%         4
e - Pain                  Necr           56%        1d6       13%         1
f - Blink                 Tloc           28%        N/A       17%         2
g - Call Canine Familiar  Summ           14%        N/A       28%         3
Your spell library was empty.

Inventory:

Hand Weapons
 b - a +0 hunting sling {sling}
   (You found it on level 1 of the Dungeon)
Missiles
 c - 150 stones (quivered) {throwing}
 i - 3 boomerangs {throwing}
Armour
 a - a +0 robe
 f - a +0 plate armour
   (You found it on level 1 of the Dungeon)
 g - a scarf of shadows (melded)
   (You found it on level 2 of the Dungeon)
 k - the +0 leather armour "Docausiu" (melded) {Rampage}
   (You found it on level 4 of the Dungeon)

   Rampage:   It bestows one free step when moving towards enemies.
Wands
 d - a wand of polymorph (5)
   (You took it off a kobold on level 2 of the Dungeon)
Scrolls
 h - a scroll of teleportation {@r4}

Dungeon Overview and Level Annotations

Branches:
Dungeon (5/15)             Temple (1/1) D:4

Altars:
Cheibriados
Elyvilon
Gozag
Nemelex Xobeh
Ru
Sif Muna
Trog
Uskayaw
Wu Jian
Xom
Zin
The Shining One

.#.# #.#
.#.###.###
.#.#.....#
.#.#.#.#.#
##.#.#.#.#
...#.#.#.#
.....#.#.#
######.#.#########
...............ls#
####.#.###########
.....#.# ######.#
.......# ######)#
.# #.# .# #.# .##
#.#


You could see an iguana (very poisoned).


Message History

You kill the orc wizard!
You feel your strength returning. 😕 HP[+1]
You start resting.
Your transformation has ended.
Your scarf of shadows unmelds from your body.
The +0 leather armour "Docausiu" {Rampage} unmelds from your body.
It gets dark. 😕 HP[+1] Unknown command.
Unknown command.
You start resting.
Your magical contamination has completely faded away. 😕 HP[+1]
You fly downwards.
The phantom hits you but does no damage.
The sky beast flickers out of sight!
Deactivating autopickup; reactivate with Ctrl-A.
The iguana bites you but does no damage.
There is a stone staircase leading up here.
The phantom hits you.
The phantom blinks!
You blink.
You stop ascending the stairs.
Something hits you but does no damage. The dart slug launches a dart at you.
The slug dart hits something. 😕 HP[-5]
You take 5 damage, and now have 38/47 hp.
Unknown command.
Casting: Spider Form (dangerous; 17% risk of failure)
Confirm with . or Enter, or press ? or * to list all spells.
The spell is extremely dangerous to miscast (50% risk of failure)!
Continue anyway?
You miscast Ice Form.
You are very lightly contaminated with residual magic.
Multicoloured lights dance before your eyes.
The phantom hits you. Something hits you. Something shocks you.
The shadow imp hits you.
* * * LOW HITPOINT WARNING * * *
😨 HP[-15]
You take 15 damage, and now have 23/47 hp.
MASSIVE DAMAGE!! (PAUSE) Blink to where?
Press: ? - help, Dir - move target
As you read the scroll labelled HEDEVI ZEGO, it crumbles to dust.
It was a scroll of blinking.
The iguana bites you.
* * * LOW HITPOINT WARNING * * *
😨 HP[-2]
You take 2 damage, and now have 21/47 hp.
The iguana closely misses you.
You fly upwards.
Reactivating autopickup.
There is a stone staircase leading down here.
Casting: Ice Form (extremely dangerous; 50% risk of failure)
Confirm with . or Enter, or press ? or * to list all spells.
Your blood is infused with primal strength.
* * * LOW HITPOINT WARNING * * *
The iguana bites you.
* * * LOW HITPOINT WARNING * * *
😨 HP[-4]
You take 4 damage, and now have 17/47 hp.
You hit the iguana. The iguana bites you.
* * * LOW HITPOINT WARNING * * *
😨 HP[-1]
You take 1 damage, and now have 16/47 hp.
You barely miss the iguana. The iguana bites you!
* * * LOW HITPOINT WARNING * * *
😱 HP[-11]
You take 11 damage, and now have 5/47 hp.
MASSIVE DAMAGE!! (PAUSE)
Okay, then.
You aren't carrying any potions.
Okay, then.
Okay, then.
This is a scroll of acquirement!
You see here a manual of Invocations.
Something appears before you!
The iguana bites you but does no damage.
Okay, then.
Okay, then.
You aren't carrying any potions.
Okay, then.
Casting: Wereblood (safe; 9% risk of failure)
Confirm with . or Enter, or press ? or * to list all spells.
You turn into a venomous arachnid creature.
Your scarf of shadows melds into your body.
The +0 leather armour "Docausiu" {Rampage} melds into your body.
The dungeon's light returns to normal.
* * * LOW HITPOINT WARNING * * *
The iguana closely misses you. 😱 HP[-3]
You take 3 damage, and now have 2/47 hp.
Unknown command.
As you read the scroll of teleportation {@r4}, it crumbles to dust.
You feel strangely unstable. The iguana closely misses you.
You aren't carrying any potions.
Okay, then.
You hit the iguana. The iguana misses you.
You hit the iguana. The iguana misses you.
You hit the iguana.
The iguana is poisoned.
The iguana bites you!
You die...

Skill      XL: |  1  2  3  4  5  6 |
---------------+-------------------+-----
Spellcasting   | 2 3 |  3.6
Unarmed Combat | 4 5 6 |  6.9
Fighting       | |  1.0
Dodging        | |  2.1
Invocations    | |  0.9

Action                   |  1- 3 |  4- 6 |  7- 9 || total
-------------------------+-------+-------+-------++-------
Melee: Unarmed           |    46 |   109 |    48 ||   203
       Headbutt          |     7 |     1 |       ||     8
 Fire: Hunting sling     |     4 |       |       ||     4
 Cast: Beastly Appendage |     7 |     2 |       ||     9
       Pain              |    15 |     5 |       ||    20
       Spider Form       |       |    14 |     7 ||    21
       Wereblood         |       |    14 |     6 ||    20
       Blink             |       |       |     1 ||     1
Invok: Renounce Religion |     1 |       |       ||     1
  Use: Potion            |     2 |     2 |     2 ||     6
       Scroll            |     1 |     1 |     3 ||     5
 Stab: Sleeping          |     2 |     2 |       ||     4
Armor: Robe              |    10 |     4 |       ||    14
       Skin              |     6 |     2 |     4 ||    12
       Leather armour    |       |       |    10 ||    10
Dodge: Dodged            |    42 |    66 |    46 ||   154

Levels and vault maps discovered:
D:1:      mushboom_english_gardens, layout_loops_ring,
          ebering_ecumenical_altar_hall, hex_large, minmay_shallow_snake_nest
D:2:      layout_loops_corners, uniq_robin, uniq_sigmund, uniq_terence
D:3:      layout_loops_ring, nicolae_uskayaw_suspiria, okawaru_trees_2,
          uniq_jessica, uniq_crazy_yiuf_cottage
D:4:      layout_basic, minmay_temple_entry_tees, hangedman_glass_garden
D:5:      layout_rooms, chequers_temple_overflow_minitemple
Temple:   jpeg_temple_clearing

Notes
Turn   | Place    | Note
-------+----------+-------------------------------------------
     0 | D:1      | spaghetti the Djinni Transmuter began the quest for the
                  | Orb.
     0 | D:1      | Reached XP level 1. HP: 17/17 MP: 0/0
     0 | D:1      | magus.rc [v1.9.6]
   262 | D:1      | Reached XP level 2. HP: 10/22 MP: 0/0
   471 | D:1      | Found a faded altar of an unknown god.
   531 | D:1      | Prayed at the altar of an unknown god.
   531 | D:1      | Became a worshipper of Zin the Law-Giver
   531 | D:1      | Reached * piety under Zin
   616 | D:1      | Fell from the grace of Zin
  1040 | D:1      | Reached XP level 3. HP: 27/27 MP: 0/0
  1040 | D:1      | Learned a level 1 spell: Pain
  1401 | D:2      | Reached skill level 2 in Spellcasting
  1525 | D:2      | Noticed Terence
  1534 | D:2      | HP: 5/27 [Terence/+0 hand axe (1)]
  1544 | D:2      | Killed Terence
  1545 | D:2      | Reached skill level 4 in Unarmed Combat
  1545 | D:2      | Reached XP level 4. HP: 32/32 MP: 0/0
  2271 | D:2      | Noticed Sigmund
  2282 | D:2      | Killed Sigmund
  2283 | D:2      | Reached skill level 5 in Unarmed Combat
  2283 | D:2      | Reached XP level 5. HP: 35/37 MP: 0/0
  2283 | D:2      | Learned a level 2 spell: Blink
  2283 | D:2      | Reached XP level 6. HP: 39/42 MP: 0/0
  2323 | D:2      | Reached skill level 3 in Spellcasting
  2487 | D:2      | Noticed Robin
  2496 | D:2      | Killed Robin
  2853 | D:3      | Found a hide-covered altar of Uskayaw.
  2856 | D:3      | Reached skill level 6 in Unarmed Combat
  2931 | D:3      | You are sucked into a shaft and drop 1 floor!
  3340 | D:4      | Noticed an ogre
  3349 | D:4      | Killed an ogre
  3350 | D:4      | Reached XP level 7. HP: 39/47 MP: 0/0
  3350 | D:4      | Learned a level 3 spell: Call Canine Familiar
  3424 | D:4      | Identified the +0 leather armour "Docausiu" {Rampage}
  3447 | D:4      | Found a staircase to the Ecumenical Temple.
  3454 | Temple   | Entered the Ecumenical Temple
  3591 | Temple   | Became a worshipper of Elyvilon the Healer
  3851 | D:5      | Entered Level 5 of the Dungeon
  4624 | D:4      | HP: 5/47 [iguana (12)]
  4625 | D:4      | Identified a scroll of acquirement
  4625 | D:4      | Acquired a manual of Invocations
  4630 | D:4      | Mangled by an iguana

Vanquished Creatures
  Sigmund (D:2)
  An ogre (D:4)
  A howler monkey (D:5)
  A hound (D:4)
  2 iguanas (D:4)
  Terence (D:2)
  3 orc wizards
  Robin (D:2)
  6 adders
  An ufetubus (D:4)
  A dart slug (D:1)
  7 orcs
  2 endoplasms (D:1)
  2 giant cockroaches (D:1)
  13 goblins
  5 hobgoblins
  7 jackals (D:2)
  7 kobolds
  2 quokkas
  8 ball pythons
  2 bats (D:1)
  A frilled lizard (D:1)
  4 rats
79 creatures vanquished.

Table legend:
 A = Non-vault XP
 B = Vault XP
 C = Vault XP percentage of total XP
 D = Non-vault monster count
 E = Vault monster count
 F = Vault count percentage of total count
                 A         B        C        D         E       F
            +---------+---------+-------+---------+---------+-------
      Total |     574 |     291 |  33.6 |      62 |      17 |  21.5
            +---------+---------+-------+---------+---------+-------
        D:1 |      31 |       4 |  11.4 |      18 |       3 |  14.3
        D:2 |      80 |     287 |  78.2 |      21 |      14 |  40.0
        D:3 |      46 |       0 |   0.0 |       6 |       0 |   0.0
        D:4 |     328 |       0 |   0.0 |      15 |       0 |   0.0
        D:5 |      89 |       0 |   0.0 |       2 |       0 |   0.0
            +---------+---------+-------+---------+---------+-------

Illustrated notes

Table legend:
 A = Kills in this place as a percentage of kills in entire the game.
 B = Kills by you in this place as a percentage of kills by you in the entire game.
 C = Kills by friends in this place as a percentage of kills by friends in the entire game.
 D = Other kills in this place as a percentage of other kills in the entire game.
 E = Experience gained in this place as a percentage of experience gained in the entire game.
 F = Experience gained in this place divided by the number of levels of this place that you have seen.
                   A       B       C       D       E      F
               +-------+-------+-------+-------+-------+----------------------
         Total | 100.0 | 100.0 |   N/A |   N/A | 100.0 | 144.2
       Dungeon | 100.0 | 100.0 |   N/A |   N/A | 100.0 | 173.0
               +-------+-------+-------+-------+-------+----------------------

Table legend: (Time is in decaauts)
 A = Elapsed time spent in this place.
 B = Non-inter-level travel time spent in this place.
 C = Inter-level travel time spent in this place.
 D = Time resting spent in this place.
 E = Time spent auto-exploring this place.
 F = Levels seen in this place.
 G = Mean time per level.
                   A        B        C        D        E       F      G
               +--------+--------+--------+--------+--------+-----+--------+
         Total |   4617 |   4514 |    103 |   1019 |   2844 |   6 |  769.5 |
       Dungeon |   4469 |   4376 |     93 |   1019 |   2729 |   5 |  893.8 |
        Temple |    147 |    137 |     10 |      0 |    115 |   1 |  147.0 |
               +--------+--------+--------+--------+--------+-----+--------+

Top non-repeatable levels by time:
     D:4: 1510 daAuts
     D:1: 1369 daAuts
     D:2: 1304 daAuts
     D:3: 244 daAuts
  Temple: 147 daAuts
     D:5: 41 daAuts
